[Event "LV Capablanca Memorial Elite 2022"]
[Site "La Habana"]
[Date "2022.04.26"]
[Round "7.2"]
[White "Niemann, Hans Moke"]
[Black "Albornoz Cabrera, Carlos Daniel"]
[Result "1-0"]
[ECO "B95"]
[WhiteElo "2642"]
[BlackElo "2567"]
[Annotator "TA"]
[PlyCount "109"]
[EventDate "2022.04.20"]
[EventType "tourn"]
[EventCountry "CUB"]
[SourceTitle "playchess.com"]
[Source "ChessBase"]
[SourceQuality "1"]
[TimeControl "40/5400+30:1800+30"]

1. e4 c5 2. Nf3 d6 3. d4 cxd4 4. Nxd4 Nf6 5. Nc3 a6 6. Bg5 e6 7. Qf3 Nbd7 8. O-O-O Qc7 9. Qg3 h6 {[%emt 0:08:24] B95: Sicilian Najdorf: 6 Bg5 e6, unusual White 7th moves.} 10. Be3 b5 {[%emt 0:04:38] Strongly threatening ...b4.} 11. Bxb5 axb5 $17 {[%emt 0:00:04] Black is better.} 12. Ndxb5 Qb8 {[%emt 0:09:29][%cal Of6e4] White must now prevent ...Nxe4!} 13. Nxd6+ Bxd6 14. Qxd6 Qxd6 15. Rxd6 Ng4 $1 16. Re1 Nxe3 ({But not} 16... Nxh2 17. f3 $16) 17. Rxe3 Ne5 {[%emt 0:01:29] [#] ...Nc4 is the strong threat.} 18. b3 $146 {[%emt 0:01:32] Prevents Nc4.} ({Predecessor:} 18. Re1 g5 19. Rd2 Ke7 20. f3 Ra7 21. b3 Bd7 22. a4 Rc8 23. Ne2 Rac7 {0-1 (23) Guzman,J (1600)-Bolivar,J (2086) Manizales 2009}) 18... Ke7 19. Rb6 g5 $36 {[%emt 0:03:04][%mdl 2048] Black is in control.} (19... Ng4 {feels hotter.} 20. Rg3 Nxf2 21. Rxg7 Ra6) 20. f3 Ba6 21. a4 Rhb8 22. Rxb8 Rxb8 23. Nb1 Kd6 24. Nd2 {[%emt 0:00:44] [#]} (24. Re1 $15) 24... Kc5 $1 25. Kb2 Rd8 (25... Kd4 $17 26. Re1 h5) 26. Kc3 $15 Kb6 27. Re1 h5 28. b4 h4 29. b5 Bb7 30. h3 Rc8+ 31. Kb3 Rd8 32. Rd1 Kc7 (32... Kc5 $5 33. Kc3 Rc8 $11) 33. Kc3 Ng6 34. Re1 Nf4 35. Nc4 {[%emt 0:00:02] aiming for a5.} f6 {[%emt 0:04:13] [#] White leaves nothing to chance now.} (35... f5 $1 $11) 36. a5 $1 $16 Nxg2 37. Ra1 g4 38. hxg4 h3 39. a6 {[%emt 0:00:06][%mdl 1024] White has strong compensation.} Ba8 40. b6+ Kb8 $2 (40... Kc6) 41. Na5 $18 Nf4 42. Rb1 Ne2+ $2 (42... Nd5+ 43. exd5 Bxd5) 43. Kc4 {[%emt 0:05:22] White is clearly winning.} Rd7 44. a7+ Kc8 45. b7+ Rxb7 46. Nxb7 Bxb7 47. Rh1 Nf4 48. Kd4 e5+ 49. Ke3 Kc7 50. Ra1 Ba8 51. Rb1 Bb7 52. Kf2 Ne6 53. Kg3 Nd4 54. Ra1 Ba8 55. Rh1 {[%emt 0:00:08] Weighted Error Value: White=0.13 (very precise) /Black=0.33} 1-0

[Event "LV Capablanca Memorial Elite 2022"]
[Site "La Habana"]
[Date "2022.04.26"]
[Round "7.3"]
[White "Quesada Perez, Luis Ernesto"]
[Black "Quesada Perez, Yasser"]
[Result "1-0"]
[ECO "A52"]
[WhiteElo "2517"]
[BlackElo "2568"]
[Annotator "TA"]
[PlyCount "63"]
[EventDate "2022.04.20"]
[EventType "tourn"]
[EventCountry "CUB"]
[SourceTitle "playchess.com"]
[Source "ChessBase"]
[SourceQuality "1"]
[TimeControl "40/5400+30:1800+30"]

1. d4 Nf6 2. c4 e5 3. dxe5 Ng4 4. Bf4 g5 5. Bg3 Bg7 6. Nf3 Nc6 7. Nc3 Ngxe5 8. Nxe5 Nxe5 9. e3 d6 10. Be2 {[%emt 0:03:26] 10.h4 injects fresh life into this line.} Be6 11. Rc1 {[%emt 0:00:20] A52: Budapest Gambit.} h5 (11... Nxc4 12. Bxc4 Bxc4 13. Qa4+ b5 14. Nxb5 Bxb5 15. Qxb5+ Qd7 16. Qxg5 $16) 12. Bxh5 {[%emt 0:09:01] [#]} Qd7 $146 ({Predecessor:} 12... Nxc4 13. Be2 c6 14. b3 Qa5 15. Qc2 Ne5 16. O-O f5 17. b4 Qxb4 18. Rb1 Qc5 19. Rxb7 {½-½ (52) Bogdanovich,S (2510)-Sitnikov,A (2506) Donetsk 2011}) 13. Be2 {[%emt 0:00:26][%cal Oc4c5] White is slightly better.} f5 (13... Bxc4 14. Bxc4 Nxc4 15. Nd5 Nxb2 16. Nxc7+ Qxc7 17. Rxc7 $16) 14. Nb5 {[%emt 0:07:45] aiming for c5.} O-O 15. Qd2 (15. Bxe5 $5 Bxe5 16. Nd4 $16) 15... Qf7 {[%emt 0:07:28] [#]} (15... Nxc4 $14 16. Rxc4 (16. Bxc4 Bxc4 17. Rxc4 Qxb5 $14) 16... Qxb5 17. Rxc7 Qxb2) 16. b3 $1 $16 (16. Bxe5 $6 dxe5 17. Qb4 Rfd8 $11) 16... Rae8 {[%emt 0:28:50] [#]} 17. f4 $1 (17. Nxa7 f4 18. O-O (18. exf4 $2 gxf4 19. O-O fxg3 $19) 18... c6 19. exf4 gxf4 $19) 17... gxf4 18. Bxf4 ({And not} 18. exf4 Nxc4 19. Qd3 (19. bxc4 Bxc4 20. Rxc4 Rxe2+ 21. Kxe2 Qxc4+ 22. Kf2 Qc5+ 23. Kf3 Qc6+ 24. Kf2 Qxb5 $17) 19... Nb2 $11) 18... a6 19. Nd4 Bc8 20. O-O b6 21. b4 Ng6 (21... Bb7 $16 22. c5 Qg6) 22. Bf3 ({Better is} 22. Bh5 $18) 22... Nxf4 23. exf4 Qf6 24. Bd5+ Kh8 25. Nc6 {[%emt 0:00:13] 0x0.001e7f237ef4dp-1022s more active pieces.} Bd7 26. Rf3 Re4 $2 (26... Bh6 {was necessary.} 27. Rh3 Bxc6) 27. Rh3+ $18 Bh6 28. g4 Rg8 (28... fxg4 29. Rxh6+ Qxh6) 29. g5 {[%emt 0:01:23] White is clearly winning.} Rxf4 30. Qxf4 Rxg5+ 31. Kh1 Kg7 32. Qd4 {[%emt 0:05:58] White took control after the opening.  Weighted Error Value: White=0.12 (very precise) /Black=0.36} 1-0

[Event "LV Capablanca Memorial Elite 2022"]
[Site "La Habana"]
[Date "2022.04.26"]
[Round "7.4"]
[White "Ortiz Suarez, Isan Reynaldo"]
[Black "Ganguly, Surya Shekhar"]
[Result "1/2-1/2"]
[ECO "A09"]
[WhiteElo "2531"]
[BlackElo "2627"]
[Annotator "TA"]
[PlyCount "80"]
[EventDate "2022.04.20"]
[EventType "tourn"]
[EventCountry "CUB"]
[SourceTitle "playchess.com"]
[Source "ChessBase"]
[SourceQuality "1"]
[TimeControl "40/5400+30:1800+30"]

1. Nf3 d5 2. c4 d4 3. b4 g5 4. Qb3 {[%emt 0:00:11] [#]} f6 $146 ({Predecessor:} 4... Bg7 5. Nxg5 e5 6. d3 Bh6 7. f4 exf4 8. h4 Nc6 9. b5 Nce7 10. c5 Be6 11. Nxe6 fxe6 12. Qxe6 {0-1 (39) Howell,D (2663)-Navara,D (2719) chess24.com INT 2020}) 5. e3 e5 6. h3 {[%emt 0:07:25] A09: Réti Opening: 1 Nf3 d5 2 c4.} c5 7. bxc5 Ne7 8. Be2 {[%emt 0:05:39] White has an edge.} Na6 9. exd4 exd4 10. Bb2 Bg7 (10... Nxc5 $11 11. Qb5+ Nc6 12. Bxd4 (12. Nxd4 $2 Kf7 $19) 12... a6 $1) 11. Nxd4 $16 O-O 12. O-O Nxc5 (12... f5 $16) 13. Qa3 $1 $18 Ne4 (13... b6 $142 14. Nb5 Bb7) 14. d3 Nd6 15. Nc3 f5 16. Ncb5 Nf7 17. Nb3 ({White should try} 17. Bh5 $18) 17... Bxb2 $16 18. Qxb2 Ng6 19. Rfe1 {[%emt 0:07:43] &Bianco is much more active. The black rooks are badly placed.} g4 20. hxg4 fxg4 21. Bf1 Nh4 22. Nd2 {[%emt 0:08:47] Inhibits Nf3+.} a6 23. Nc3 ({Better is} 23. Nd4 $18) 23... Qd4 (23... g3 $16 24. Nce4 (24. fxg3 Qd4+ 25. Kh1 Nf5 $16) 24... gxf2+ 25. Kxf2 (25. Nxf2 a5 $16) 25... Ne5+ 26. Kg1 Nc6) 24. Nd1 Qf4 25. Ne4 (25. Re7 Qg5 26. Re1 Qf4) 25... Ng5 26. Nxg5 {[%emt 0:00:06] The board is on fire.} Qxg5 27. Qe5 Bf5 28. Ne3 Rae8 29. Qd5+ Kh8 30. Nxf5 ({Don't play} 30. Qxb7 $6 Nf3+ 31. gxf3 gxf3+ 32. Ng2 fxg2 33. Qb2+ (33. Qxg2 Qf6 $17) 33... Kg8 34. Bxg2 Bxd3 $14) 30... Nxf5 {[%emt 0:00:12] [#]} 31. g3 ({Much worse is} 31. Qxb7 $6 g3 32. Qb2+ Kg8 33. Rxe8 Rxe8 34. fxg3 Nxg3 $11) (31. Rab1 $1 $16) 31... Qf6 $11 32. Kh1 Qh6+ 33. Kg1 Qf6 34. Kh1 Qh6+ 35. Kg2 {[%emt 0:00:04] aiming for Rxe8.} Qf6 {[%emt 0:00:27][%cal Of5h4] And now ...Nh4+! would win.} (35... Rxe1 $2 36. Rxe1 Qf6 37. Qe5 $16) 36. Kh1 Nd4 {[%emt 0:00:02] ( -> ...Nf3)} 37. Qh5 {[%emt 0:00:06] [#]} (37. Rxe8 $11 {was the only way to keep the balance.} Rxe8 38. Qh5) 37... Rxe1 (37... Rc8 $1 $17 {[%cal Rc8c5] Hoping for ...Rc5!} 38. Bg2 Nc2) 38. Rxe1 {The position is equal.} Qxf2 39. Qe5+ Qf6 {[%emt 0:00:01] ...Qxe5 is the strong threat.} 40. Bg2 b6 {[%emt 0:00:03] Black defended with fortune.  Weighted Error Value: White=0.22 (precise) /Black=0.19 (very precise)} (40... Nf3 $11 {keeps the balance.} 41. Qxf6+ Rxf6 42. Re8+ Kg7 43. Re7+ Kg8 44. Bxf3 Rxf3) 1/2-1/2

[Event "LV Capablanca Memorial Elite 2022"]
[Site "La Habana"]
[Date "2022.04.26"]
[Round "7.5"]
[White "Mareco, Sandro"]
[Black "Durarbayli, Vasif"]
[Result "1/2-1/2"]
[ECO "D46"]
[WhiteElo "2643"]
[BlackElo "2615"]
[Annotator "TA"]
[PlyCount "47"]
[EventDate "2022.04.20"]
[EventType "tourn"]
[EventCountry "CUB"]
[SourceTitle "playchess.com"]
[Source "ChessBase"]
[SourceQuality "1"]
[TimeControl "40/5400+30:1800+30"]

1. d4 d5 2. c4 c6 3. Nc3 Nf6 4. e3 e6 5. Nf3 Nbd7 6. Qc2 Bd6 7. Bd3 O-O 8. O-O dxc4 9. Bxc4 b5 10. Be2 Bb7 11. e4 e5 12. dxe5 {[%emt 0:00:03] D46: Semi-Slav: 5 e3 Nbd7 6 Bd3, Black avoids the Meran.} Nxe5 13. Nd4 Neg4 14. Nf5 Bxh2+ 15. Kh1 {[%emt 0:00:04] [#] Black must now prevent f3.} Bb8 {[%emt 0:00:07] Hoping for ...g6.} 16. Bg5 {[%emt 0:00:18] [#] f4 is the strong threat.} Bc8 $146 {[%emt 0:16:38] Threatening ...Bxf5.} ({Predecessor:} 16... Qc7 17. f4 b4 18. e5 bxc3 19. exf6 gxf6 20. Qxc3 Ne5 21. Bxf6 {1-0 (21) Mendonca,L (2549)-Salimova,N (2395) chess24.com INT 2021}) 17. Rad1 Qc7 18. Nd6 {[%emt 0:00:06][%cal Oe4e5] Active counter play!} a6 {[%emt 0:00:32] [#]} (18... Be6 $11) 19. g3 $2 ({Only move:} 19. e5 $1 $16 Nxe5 20. Bxf6 gxf6 21. f4) 19... h6 $15 20. Bxf6 Nxf6 21. e5 Nd5 (21... Ng4 $15 {might be stronger.}) 22. Nxd5 $11 {[%emt 0:04:36] The position is equal.} cxd5 23. Qxc7 Bxc7 24. Nxc8 {[%emt 0:00:05] Weighted Error Value: White=0.21 (precise) /Black=0.21 (precise)} 1/2-1/2

[Event "LV Capablanca Memorial Elite 2022"]
[Site "La Habana"]
[Date "2022.04.27"]
[Round "8.1"]
[White "Yilmaz, Mustafa"]
[Black "Durarbayli, Vasif"]
[Result "1/2-1/2"]
[ECO "D11"]
[WhiteElo "2627"]
[BlackElo "2615"]
[Annotator "TA"]
[PlyCount "27"]
[EventDate "2022.04.20"]
[EventType "tourn"]
[EventCountry "CUB"]
[SourceTitle "playchess.com"]
[Source "ChessBase"]
[SourceQuality "1"]
[TimeControl "40/5400+30:1800+30"]

1. d4 d5 2. c4 c6 3. Nf3 Nf6 4. g3 Bf5 5. Nc3 e6 {[%emt 0:00:14] The position is equal.} 6. Nh4 {[%emt 0:01:38] D11: Slav Defence: 3 Nf3 sidelines and 3...Nf6 4 e3 Bg4.} dxc4 7. Nxf5 exf5 8. e3 Bd6 9. Bxc4 O-O 10. O-O Nbd7 {[%emt 0:00:46] [#]} 11. Re1 $146 ({Predecessor:} 11. Qd3 g6 12. Rd1 Qe7 13. Bd2 Rad8 14. Be1 h5 15. h4 Ng4 16. Qe2 Ndf6 17. Qf3 {1-0 (62) Samunenkov,I (2301)-Seul,G (2372) Chess.com INT 2021}) 11... Nb6 12. Bf1 Re8 13. Bg2 h5 14. h4 {[%emt 0:05:32] Not much happened in this game.  Weighted Error Value: White=0.01 (flawless) /Black=0.00 (flawless)} 1/2-1/2

[Event "LV Capablanca Memorial Elite 2022"]
[Site "La Habana"]
[Date "2022.04.27"]
[Round "8.2"]
[White "Ganguly, Surya Shekhar"]
[Black "Mareco, Sandro"]
[Result "1/2-1/2"]
[ECO "D35"]
[WhiteElo "2627"]
[BlackElo "2643"]
[Annotator "TA"]
[PlyCount "55"]
[EventDate "2022.04.20"]
[EventType "tourn"]
[EventCountry "CUB"]
[SourceTitle "playchess.com"]
[Source "ChessBase"]
[SourceQuality "1"]
[TimeControl "40/5400+30:1800+30"]

1. d4 Nf6 2. c4 e6 3. Nc3 d5 4. cxd5 exd5 5. Bg5 c6 6. e3 Bd6 7. Bd3 h6 {[%emt 0:00:10] D35: Queen's Gambit Declined: Exchange Variation.} 8. Bh4 O-O 9. Nf3 Re8 {[%emt 0:04:52] Against Ne5. The position is equal.} 10. O-O Nbd7 11. Re1 Be7 12. Qc2 Nf8 13. Ne5 {[%emt 0:05:40] [#]} N6d7 $146 ({Predecessor:} 13... Ng4 14. Bg3 Bf6 15. Nf3 Be6 16. h3 h5 17. hxg4 hxg4 18. Nh2 Bh4 19. Nf1 Bxg3 20. Nxg3 {1-0 (41) Vallejos,J (1873)-Bigatto,P (1535) Sao Paulo 2019}) 14. Bg3 Nxe5 15. Bxe5 Be6 16. a3 Rc8 17. b4 b5 18. Ne2 a5 19. Rab1 axb4 20. axb4 Nd7 21. Nf4 Nf8 (21... Bg4 $1 $11 {keeps the balance.}) 22. Qe2 {[%emt 0:07:35] White is much more active.} (22. Nh5 $16) 22... Bd7 $11 {[%emt 0:00:31] [#] ...f6 is the strong threat.} 23. Nh5 g6 24. Nf4 ({Don't play} 24. Ng7 f6 25. Nxe8 fxe5 $15) 24... Bf6 ({Black should play} 24... f6 $15 25. Nxg6 fxe5 26. Nxe5 Bd6) 25. Bxf6 $14 Qxf6 26. Qc2 Ra8 27. Ra1 h5 28. Bf1 {[%emt 0:06:48] Weighted Error Value: White=0.10 (very precise) /Black=0.13 (very precise)} 1/2-1/2

[Event "LV Capablanca Memorial Elite 2022"]
[Site "La Habana"]
[Date "2022.04.27"]
[Round "8.3"]
[White "Quesada Perez, Yasser"]
[Black "Ortiz Suarez, Isan Reynaldo"]
[Result "1/2-1/2"]
[ECO "E17"]
[WhiteElo "2568"]
[BlackElo "2531"]
[Annotator "TA"]
[PlyCount "29"]
[EventDate "2022.04.20"]
[EventType "tourn"]
[EventCountry "CUB"]
[SourceTitle "playchess.com"]
[Source "ChessBase"]
[SourceQuality "1"]
[TimeControl "40/5400+30:1800+30"]

1. c4 Nf6 2. Nf3 e6 3. b3 d5 4. Bb2 Be7 5. g3 O-O 6. Bg2 b6 7. O-O Bb7 8. cxd5 exd5 9. d4 Nbd7 10. Nc3 a6 {[%emt 0:03:12] E17: Queen's Indian: 4 g3 Bb7 5 Bg2 Be7.} 11. Rc1 Bd6 12. e3 Qe7 {[%emt 0:01:01] The position is equal.} 13. Ne2 Ne4 14. Nf4 {[%emt 0:01:13] [#]} Rad8 $146 ({Predecessor:} 14... a5 15. Qc2 Rac8 16. Rfd1 Rfe8 17. Ne5 f6 18. Bxe4 fxe5 19. Bxh7+ Kf7 20. Qg6+ Kf8 21. Qf5+ Qf6 22. Ng6+ Kf7 23. Qxd7+ Be7 24. dxe5 {1-0 (24) Triapishko,A (2506)-Zakaryan,D (2283) Sochi 2021}) 15. Nd2 {[%emt 0:01:50] Not much happened in this game.  Weighted Error Value: White=0.11 (very precise) /Black=0.12 (very precise)} 1/2-1/2

[Event "LV Capablanca Memorial Elite 2022"]
[Site "La Habana"]
[Date "2022.04.27"]
[Round "8.4"]
[White "Albornoz Cabrera, Carlos Daniel"]
[Black "Quesada Perez, Luis Ernesto"]
[Result "1/2-1/2"]
[ECO "B12"]
[WhiteElo "2567"]
[BlackElo "2517"]
[Annotator "TA"]
[PlyCount "47"]
[EventDate "2022.04.20"]
[EventType "tourn"]
[EventCountry "CUB"]
[SourceTitle "playchess.com"]
[Source "ChessBase"]
[SourceQuality "1"]
[TimeControl "40/5400+30:1800+30"]

1. e4 c6 2. d4 d5 3. e5 Bf5 4. Nf3 e6 5. Be2 c5 6. Be3 cxd4 7. Nxd4 Ne7 8. O-O Nbc6 9. Bb5 {[%emt 0:00:12] B12: Caro-Kann: Advance Variation.} a6 10. Bxc6+ Nxc6 11. Nxf5 {[%emt 0:00:10] White is slightly better.} exf5 12. c3 {[%emt 0:03:13] Inhibits d4.} Be7 13. Nd2 Nxe5 14. Bd4 f6 15. Re1 {[%emt 0:02:04][%mdl 1024] White has compensation.} Nc6 16. Qb3 {[%emt 0:10:20] [#] With the idea Bb6.} b5 $146 (16... Nxd4 {with more complications.} 17. Qxb7 Kf7 18. cxd4 Qd6) ({Predecessor:} 16... Qd7 17. Nf3 O-O 18. Rad1 Na5 19. Rxe7 Qd8 20. Qa3 Nc4 21. Qb4 a5 22. Qxb7 {1-0 (22) Matviishen,V (2495)-Krishna Teja,N (2368) Pardubice 2019}) 17. Nf3 O-O 18. Rad1 Na5 19. Qc2 Qd7 20. Re2 Rfe8 21. Rde1 Kf7 {[%emt 0:10:43] Prevents Re6.} 22. g3 g6 (22... Bd6 $11) 23. Qd2 $1 $14 {[%emt 0:02:18] [#] Hoping for Qh6.} g5 (23... Kg8 $14) 24. Qxg5 {[%emt 0:07:57] Weighted Error Value: White=0.05 (flawless) /Black=0.16 (very precise)} 1/2-1/2

[Event "LV Capablanca Memorial Elite 2022"]
[Site "La Habana"]
[Date "2022.04.27"]
[Round "8.5"]
[White "Almeida Quintana, Omar"]
[Black "Niemann, Hans Moke"]
[Result "1/2-1/2"]
[ECO "E12"]
[WhiteElo "2535"]
[BlackElo "2642"]
[Annotator "TA"]
[PlyCount "55"]
[EventDate "2022.04.20"]
[EventType "tourn"]
[EventCountry "CUB"]
[SourceTitle "playchess.com"]
[Source "ChessBase"]
[SourceQuality "1"]
[TimeControl "40/5400+30:1800+30"]

1. d4 Nf6 2. c4 e6 3. Nf3 b6 4. a3 Bb7 5. Nc3 d5 6. Bg5 Be7 7. e3 O-O 8. Rc1 c5 9. dxc5 {[%emt 0:00:31] E12: Queen's Indian: Unusual White 4th moves, 4 a3, 4 Nc3 Bb7 5 a3 and 4 Nc3 Bb7 .} bxc5 10. Be2 Nbd7 11. O-O Rc8 {[%emt 0:03:40] [#]} 12. Qb3 $146 ({Predecessor:} 12. h3 Ne4 13. Bxe7 Qxe7 14. cxd5 Nxc3 15. Rxc3 exd5 16. Qa4 d4 17. exd4 Qxe2 18. Qxd7 Qxb2 19. Rxc5 {½-½ (30) Injac,T (2387)-Atalik,E (2430) Terme Catez 2021}) 12... Qb6 13. Qxb6 axb6 14. Rfd1 Rfd8 15. Rc2 h6 16. Bh4 g5 17. Bg3 Ne4 18. Nxe4 (18. cxd5 $5 Nxc3 19. bxc3 $11) 18... dxe4 19. Nd2 Bc6 20. f3 exf3 21. Bxf3 Nf6 22. Kf2 Bd6 23. Bxd6 {[%emt 0:02:31] The position is equal.} Rxd6 24. Bxc6 {[#] Strongly threatening Bf3.} Rcxc6 25. Ke2 Rc8 26. Rf1 e5 27. Nb1 Ne4 28. Nd2 {Weighted Error Value: White=0.07 (flawless) /Black=0.06 (flawless)} 1/2-1/2

[Event "LV Capablanca Memorial Elite 2022"]
[Site "La Habana"]
[Date "2022.04.28"]
[Round "9.1"]
[White "Niemann, Hans Moke"]
[Black "Yilmaz, Mustafa"]
[Result "1-0"]
[ECO "B51"]
[WhiteElo "2642"]
[BlackElo "2627"]
[Annotator "TA"]
[PlyCount "77"]
[EventDate "2022.04.20"]
[EventType "tourn"]
[EventCountry "CUB"]
[SourceTitle "playchess.com"]
[Source "ChessBase"]
[SourceQuality "1"]
[TimeControl "40/5400+30:1800+30"]

1. e4 c5 2. Nf3 d6 3. Bb5+ Nd7 4. O-O a6 5. Bd3 Ngf6 6. Re1 {[%emt 0:00:34] B51: Sicilian: Moscow Variation (3 Bb5+) without 3...Bd7.} e6 {[%emt 0:00:21] 6...e6 scores better than 6...b5.} 7. Bf1 b6 8. c4 {[%emt 0:00:46] The position is equal.} Bb7 9. Nc3 {[%emt 0:00:11] [#]} Ne5 $146 ({Predecessor:} 9... Be7 10. d4 cxd4 11. Nxd4 O-O 12. b3 Nc5 13. f3 Re8 14. Bb2 Rc8 15. Qd2 Rc7 {½-½ (24) Lu,S (2628)-Wei,Y (2753) Huocheng County 2017}) 10. d4 Nxf3+ 11. gxf3 Be7 12. d5 e5 13. f4 Bc8 14. fxe5 dxe5 15. f4 Bd6 16. Qf3 Qc7 (16... g6 $11) 17. f5 {[%emt 0:05:18] Black is now going downhill.} Be7 18. Bg5 Qd6 19. Bh3 {[%emt 0:16:35] White is more active.} Bd7 20. a4 Nxd5 $2 21. exd5 $18 {[%emt 0:20:06][%cal Be4d5,Bd5d6][%mdl 32] And now Ne4 would win.} Bxg5 {[%emt 0:00:04] [#]} 22. f6 $1 Bxf6 $2 (22... Bxh3 23. Ne4 (23. fxg7 Rg8 $11) 23... Qd8) 23. Ne4 Qe7 24. d6 Qd8 25. Bxd7+ Kxd7 26. a5 (26. Nc3 Ra7 $16) 26... Rc8 (26... Rb8 $142 27. Red1 (27. axb6 Rxb6 28. b4 cxb4 $18) 27... Ke8 28. d7+ Kf8 29. axb6 Rxb6 30. Nxc5 g6) 27. Qh3+ Kc6 28. Qf3 Kd7 29. Qh3+ (29. axb6 $142 Qxb6 30. Red1 (30. Nxf6+ gxf6 31. Qf5+ Kc6 $16)) 29... Kc6 $1 30. Qd3 Kb7 31. Qd5+ Kb8 32. d7 Rc7 33. Red1 Rb7 34. axb6 Qxb6 35. Nxf6 Rd8 36. Qxe5+ Ka7 {[%emt 0:01:08] [#]} 37. Rd6 $1 gxf6 38. Qxf6 (38. Qd5 $142 Rbxd7 39. Rxd7+ Rxd7 40. Qxd7+ Qb7 41. Qd6) 38... Rg8+ 39. Kh1 {[%emt 0:00:42] Weighted Error Value: White=0.36/Black=0.38} 1-0

[Event "LV Capablanca Memorial Elite 2022"]
[Site "La Habana"]
[Date "2022.04.28"]
[Round "9.2"]
[White "Quesada Perez, Luis Ernesto"]
[Black "Almeida Quintana, Omar"]
[Result "1-0"]
[ECO "B07"]
[WhiteElo "2517"]
[BlackElo "2535"]
[Annotator "TA"]
[PlyCount "80"]
[EventDate "2022.04.20"]
[EventType "tourn"]
[EventCountry "CUB"]
[SourceTitle "playchess.com"]
[Source "ChessBase"]
[SourceQuality "1"]
[TimeControl "40/5400+30:1800+30"]

1. e4 d6 2. d4 Nf6 3. Nc3 g6 4. Bg5 Bg7 5. Qd2 h6 6. Bf4 g5 {[%emt 0:00:43] B07: Pirc Defence: Miscellaneous Systems.} 7. Be3 Ng4 8. O-O-O Nd7 {[%emt 0:00:05] White is slightly better.} 9. h4 Nxe3 10. Qxe3 g4 11. e5 {[%emt 0:00:14] [#]} c5 $146 (11... Nb6 $14) ({Predecessor:} 11... h5 12. Kb1 Nb6 13. Bd3 Bd7 14. f3 dxe5 15. dxe5 c6 16. f4 Qc7 17. Qc5 Bf8 {1-0 (55) Philipps,R (2434)-Conterno,D (2332) ICCF email 2017}) 12. exd6 (12. dxc5 $142 $1 Nxe5 13. Bb5+ Kf8 14. cxd6) 12... h5 13. dxe7 {[%emt 0:02:39] White is much more active. The black rooks are badly placed.} (13. dxc5 $2 Bh6 14. f4 gxf3 15. Qxh6 Rxh6 $19) 13... Qxe7 {[%emt 0:00:13] Hoping for ...Bh6.} 14. Qxe7+ ({White should try} 14. Nd5 $1 Qxe3+ 15. fxe3) 14... Kxe7 $16 15. Nd5+ Kf8 16. Ne2 b6 17. Ne3 {[%emt 0:11:32] Pair of Knights!} Bb7 18. d5 Bh6 {[%emt 0:07:58] [#]} 19. Ng3 $1 Nf6 20. c4 Re8 21. Bd3 Bxe3+ 22. fxe3 Rxe3 23. Nf5 Re8 (23... Re5 $16 24. Rhf1 Ne8) 24. Rhf1 $18 {[%emt 0:08:41] Black must now prevent Nd6.} Rd8 {[%emt 0:00:07] Against Nd6} 25. Rde1 Ne8 $2 (25... b5 26. b3 (26. cxb5 Bxd5 27. Ne3 Bxa2 $11) 26... bxc4 27. bxc4 Bc8) 26. Re7 Bc8 27. Rxa7 {[%emt 0:00:09][%cal Of5h6] Threatens to win with Nh6!} Bxf5 28. Rxf5 Nd6 29. Rf4 (29. Rf6 $6 Kg7 30. Re6 b5 31. cxb5 Kg8) 29... Kg7 {[%emt 0:00:34] [#]} 30. Ra6 Rb8 31. a4 Rhd8 32. b3 Rd7 33. Kc2 Ne8 34. Rf5 Rdb7 {[%emt 0:00:42] Strongly threatening ...Nc7.} 35. a5 ({Worse is} 35. Rxh5 Nc7 36. Ra8 Nxa8 $17) 35... bxa5 36. Rg5+ Kf8 37. Rh6 {[%emt 0:07:17] And now Rh8+ would win.} ({Weaker is} 37. Rxa5 Rxb3 38. Ra2 (38. Rxc5 Rb2+ 39. Kc1 Rxg2 $11) 38... Ng7 $16) 37... f6 $2 (37... Rxb3 38. d6 Rb2+ 39. Kc1 Nxd6) 38. Rh8+ {[%emt 0:02:07] White is clearly winning.} Ke7 39. Rgg8 a4 {[%emt 0:01:59] [#]} 40. Rxe8+ $1 Kd7 {[%emt 0:01:28] Weighted Error Value: White=0.06 (flawless) /Black=0.26 (precise)} (40... Rxe8 41. Rh7+) 1-0

[Event "LV Capablanca Memorial Elite 2022"]
[Site "La Habana"]
[Date "2022.04.28"]
[Round "9.3"]
[White "Ortiz Suarez, Isan Reynaldo"]
[Black "Albornoz Cabrera, Carlos Daniel"]
[Result "1/2-1/2"]
[WhiteElo "2531"]
[BlackElo "2567"]
[Annotator "TA"]
[PlyCount "19"]
[EventDate "2022.04.20"]
[EventType "tourn"]
[EventCountry "CUB"]
[SourceTitle "playchess.com"]
[Source "ChessBase"]
[SourceQuality "1"]
[TimeControl "40/5400+30:1800+30"]

1. Nf3 d5 2. d4 Nf6 3. Bf4 c6 4. e3 Bg4 5. Nbd2 e6 6. Bd3 Bd6 {[%emt 0:00:07] The position is equal. D02: 1 d4 d5 2 Nf3 sidelines, including 2...Nf6 3 g3 and 2...Nf6 3 Bf4.} 7. Bg3 O-O 8. O-O Bxg3 9. hxg3 {[%emt 0:00:06] [#]} Nbd7 $146 ({Predecessor:} 9... Qb6 10. Qb1 c5 11. dxc5 Qxc5 12. c3 Nc6 13. e4 Bxf3 14. Nxf3 Rad8 15. exd5 Rxd5 {0-1 (30) Kelecevic,N (2294)-Roiz,M (2645) Biel 2010}) 10. c3 {[%emt 0:00:04] Not much happened in this game.  Weighted Error Value: White=0.09 (flawless) /Black=0.01 (flawless)} 1/2-1/2